 Dungeon Crawl Stone Soup version 0.26.1-2-gb8aa6d0cf2 (webtiles) character file.

Game seed: 9981631819441088651

972 snilsmaster the Shield-Bearer (level 8, -5/67 HPs)
             Began as a Gnoll Fighter on Feb 16, 2021.
             Killed by nerve-wracking pain
             ... invoked by Grinder
              (10 damage)
             ... on level 5 of the Dungeon.
             The game lasted 00:13:47 (5913 turns).

snilsmaster the Shield-Bearer (Gnoll Fighter)       Turns: 5913, Time: 00:13:48

Health: -5/67      AC: 11    Str: 20    XL:     8   Next: 16%
Magic:  12/12      EV: 11    Int: 10    God:
Gold:   308        SH:  0    Dex: 16    Spells: 13/13 levels left

rFire    . . .     SeeInvis .   x - +2 scythe (pain)
rCold    . . .     Faith    .   (shield currently unavailable)
rNeg     . . .     Spirit   .   b - +0 scale mail
rPois    .         Reflect  .   (no helmet)
rElec    .         Harm     .   z - +0 cloak
rCorr    .         Rampage  .   e - +0 pair of gloves
Will     .....                  m - +0 pair of boots
Stlth    +.........             (no amulet)
HPRegen  0.21/turn              (no ring)
MPRegen  0.13/turn              (no ring)

@: no status effects
A: distributed training, fangs 1, strong nose
a: no special abilities


You were on level 5 of the Dungeon.
You visited 1 branch of the dungeon, and saw 5 of its levels.

You collected 308 gold pieces.

Inventory:

Hand Weapons
 a - a +0 war axe
 p - a +1 mace of protection
 x - a +2 scythe of pain (weapon)
Missiles
 q - 45 arrows
 y - a javelin (quivered)
Armour
 b - a +0 scale mail (worn)
 c - a +0 kite shield
 e - a +0 pair of gloves (worn)
 m - a +0 pair of boots (worn)
 z - a +0 cloak (worn)
 A - the +10 Black Knight's barding {ponderous, rPois rN+}
   (You found it on level 4 of the Dungeon)

   It protects you from poison.
   It protects you from negative energy.
Scrolls
 g - 3 scrolls of magic mapping {unknown}
 i - 4 scrolls of identify {@r1}
 j - 3 scrolls of amnesia {unknown}
 l - a scroll of enchant weapon {unknown}
 n - 2 scrolls of teleportation {unknown}
 o - 2 scrolls of remove curse {@r2}
 t - a scroll of fog {unknown}
Potions
 d - 3 potions of might {@q4}
 f - 3 potions of curing {@q1}
 k - a potion of attraction
 r - a potion of ambrosia {unknown}
 s - a potion of cancellation
 u - a potion of lignification
 v - 2 potions of flight {unknown}
 w - a potion of invisibility


   Skills:
 + Level 7.2 Fighting
 + Level 3.0 Short Blades
 + Level 3.0 Long Blades
 + Level 5.5 Axes
 + Level 3.0 Maces & Flails
 + Level 3.0 Polearms
 + Level 3.0 Staves
 + Level 3.0 Slings
 + Level 3.0 Bows
 + Level 3.0 Crossbows
 + Level 3.0 Throwing
 + Level 7.2 Armour
 + Level 3.0 Dodging
 + Level 3.0 Stealth
 + Level 7.2 Shields
 + Level 3.0 Unarmed Combat
 + Level 3.0 Spellcasting
 + Level 2.4 Conjurations
 + Level 2.4 Hexes
 + Level 2.4 Summonings
 + Level 2.4 Necromancy
 + Level 2.4 Translocations
 + Level 2.4 Transmutations
 + Level 2.4 Fire Magic
 + Level 2.4 Ice Magic
 + Level 2.4 Air Magic
 + Level 2.4 Earth Magic
 + Level 2.4 Poison Magic
 + Level 3.3 Invocations
 + Level 3.0 Evocations


You had 13 spell levels left.
You didn't know any spells.
Your spell library was empty.

Dungeon Overview and Level Annotations

Branches:
Dungeon (5/15)
 Temple: D:4-7

Altars:
Sif Muna
Uskayaw

Annotations:
D:5 Grinder


Innate Abilities, Weirdness & Mutations

Your experience applies equally to all skills.
You have very sharp teeth.
Your uncanny sense of smell can sniff out nearby items.


Message History

Throw: 2 javelins
Press: ? - help, Q - select action Shift-Dir - straight line, f/p - Grinder
Aim: Grinder (almost dead, 61% to hit)
You throw a javelin. The javelin barely misses Grinder.
Unknown command.
You closely miss Grinder.
Grinder is almost dead.
Grinder gestures at you.
You suddenly lose the ability to move!
Grinder hits you but does no damage.
Grinder blinks! x2
Grinder hits you!
* * * LOW HITPOINT WARNING * * *
You writhe in agony.
* * * LOW HITPOINT WARNING * * *
You can move again.
You barely miss Grinder.
Grinder is almost dead.
Grinder gestures at you. Pain shoots through your body!
You die...

### ##(###
#....##
##<###.##
#@## ##.##
##5# ##.##
#..# ##.#
#..# #.##
#.## #..#
###### #.##
#(..#####.#
##.....##..#
##..........#


You could see Grinder.

Vanquished Creatures
  Sigmund (D:3)
  An ogre (D:5)
  Blork the orc (D:4)
  A scorpion (D:4)
  A howler monkey (D:5)
  A bullfrog skeleton (D:4)
  4 orc priests
  A hound (D:4)
  Jessica (D:5)
  4 orc wizards (D:5)
  2 worker ants
  A worker ant zombie (D:5)
  8 adders
  2 oozes
  2 adder zombies (D:5)
  4 worms
  2 dart slugs
  4 leopard geckos
  21 orcs
  6 bats
  4 giant cockroaches
  9 goblins
  7 hobgoblins
  2 jackals (D:2)
  A quokka (D:3)
  12 frilled lizards
  6 kobolds
  A quokka skeleton (D:5)
  12 rats
122 creatures vanquished.

Vanquished Creatures (others)
  14 plants
14 creatures vanquished.

Grand Total: 136 creatures vanquished

Notes
Turn   | Place    | Note
-------+----------+-------------------------------------------
     0 | D:1      | snilsmaster the Gnoll Fighter began the quest for the Orb.
     0 | D:1      | Reached XP level 1. HP: 23/23 MP: 1/1
   129 | D:1      | Reached XP level 2. HP: 27/29 MP: 2/2
   694 | D:1      | Reached XP level 3. HP: 35/35 MP: 3/3
  1260 | D:2      | Reached skill level 1 in Invocations
  1295 | D:2      | Reached skill level 1 in Short Blades
  1295 | D:2      | Reached skill level 1 in Long Blades
  1295 | D:2      | Reached skill level 1 in Maces & Flails
  1295 | D:2      | Reached skill level 1 in Polearms
  1295 | D:2      | Reached skill level 1 in Staves
  1295 | D:2      | Reached skill level 1 in Slings
  1295 | D:2      | Reached skill level 1 in Bows
  1295 | D:2      | Reached skill level 1 in Crossbows
  1295 | D:2      | Reached skill level 1 in Throwing
  1295 | D:2      | Reached skill level 1 in Dodging
  1295 | D:2      | Reached skill level 1 in Stealth
  1295 | D:2      | Reached skill level 1 in Unarmed Combat
  1295 | D:2      | Reached skill level 1 in Spellcasting
  1295 | D:2      | Reached skill level 1 in Evocations
  1537 | D:2      | Reached XP level 4. HP: 25/41 MP: 5/5
  2034 | D:2      | Reached skill level 1 in Conjurations
  2034 | D:2      | Reached skill level 1 in Hexes
  2034 | D:2      | Reached skill level 1 in Summonings
  2034 | D:2      | Reached skill level 1 in Necromancy
  2034 | D:2      | Reached skill level 1 in Translocations
  2034 | D:2      | Reached skill level 1 in Transmutations
  2034 | D:2      | Reached skill level 1 in Fire Magic
  2034 | D:2      | Reached skill level 1 in Ice Magic
  2034 | D:2      | Reached skill level 1 in Air Magic
  2034 | D:2      | Reached skill level 1 in Earth Magic
  2034 | D:2      | Reached skill level 1 in Poison Magic
  2505 | D:3      | Reached XP level 5. HP: 47/47 MP: 6/6
  2835 | D:3      | Noticed Sigmund
  2850 | D:3      | Killed Sigmund
  2851 | D:3      | Reached skill level 5 in Axes
  2851 | D:3      | Reached XP level 6. HP: 36/53 MP: 8/8
  4174 | D:4      | Reached XP level 7. HP: 51/59 MP: 10/10
  4232 | D:4      | Found the +10 Black Knight's barding {ponderous, rPois rN+}
  4491 | D:4      | Noticed Blork the orc
  4495 | D:4      | Killed Blork the orc
  4650 | D:5      | Entered Level 5 of the Dungeon
  5443 | D:5      | Reached XP level 8. HP: 64/67 MP: 12/12
  5487 | D:5      | Noticed Jessica
  5504 | D:5      | Killed Jessica
  5542 | D:5      | Found a shimmering blue altar of Sif Muna.
  5616 | D:5      | Found a hide-covered altar of Uskayaw.
  5877 | D:5      | Noticed Grinder
  5891 | D:5      | Paralysed by Grinder for 6 turns
  5901 | D:5      | HP: 3/67 [Grinder/nerve-wracking pain (9)]
  5903 | D:5      | Paralysed by Grinder for 2 turns
  5906 | D:5      | Paralysed by Grinder for 6 turns
  5913 | D:5      | Killed from afar by Grinder

Illustrated notes

Levels and vault maps discovered:
D:1:      lightli_molten_gateway, layout_basic, chequers_big_river, hex_medium,
          nrook_loot_triangle, chequers_serial_rivers_small_b
D:2:      kennysheep_big_flooded_room, layout_loops_cross, minmay_bisected
D:3:      layout_loops_ring, grunt_ministairs_14, minivault_27, uniq_sigmund
D:4:      layout_loops_ring, serial_bayou, serial_bayou_lake_a,
          serial_bayou_pond_a, serial_bayou_pond_a, serial_bayou_lagoon_b,
          uniq_blork_the_orc
D:5:      layout_layer_cave, tgw_sif, basic_altar, uniq_grinder

Skill      XL: |  1  2  3  4  5  6  7  8 |
---------------+-------------------------+-----
Invocations    | 1 2 3 |  3.3
Short Blades   | 1 2 3 |  3.0
Long Blades    | 1 2 3 |  3.0
Maces & Flails | 1 2 3 |  3.0
Polearms       | 1 2 3 |  3.0
Staves         | 1 2 3 |  3.0
Slings         | 1 2 3 |  3.0
Bows           | 1 2 3 |  3.0
Crossbows      | 1 2 3 |  3.0
Throwing       | 1 2 3 |  3.0
Dodging        | 1 2 3 |  3.0
Stealth        | 1 2 3 |  3.0
Unarmed Combat | 1 2 3 |  3.0
Spellcasting   | 1 2 3 |  3.0
Evocations     | 1 2 3 |  3.0
Conjurations   | 1 2 |  2.4
Hexes          | 1 2 |  2.4
Summonings     | 1 2 |  2.4
Necromancy     | 1 2 |  2.4
Translocations | 1 2 |  2.4
Transmutations | 1 2 |  2.4
Fire Magic     | 1 2 |  2.4
Ice Magic      | 1 2 |  2.4
Air Magic      | 1 2 |  2.4
Earth Magic    | 1 2 |  2.4
Poison Magic   | 1 2 |  2.4
Axes           | 5 |  5.5
Fighting       | 7 |  7.2
Armour         | 7 |  7.2
Shields        | 7 |  7.2

Action                   |  1- 3 |  4- 6 |  7- 9 || total
-------------------------+-------+-------+-------++-------
Melee: War axe           |    82 |    53 |       ||   135
       Bite              |     5 |    14 |    14 ||    33
       Mace              |       |    40 |       ||    40
       Scythe            |       |    46 |    92 ||   138
Throw: Javelin           |       |     2 |    21 ||    23
  Use: Scroll            |       |       |     8 ||     8
       Potion            |       |       |     1 ||     1
Armor: Scale mail        |    41 |    55 |    96 ||   192
Dodge: Dodged            |    26 |    60 |    85 ||   171
Block: Kite shield       |    45 |    50 |       ||    95
